 Dungeon Crawl Stone Soup version 0.31-a0-833-gc15d34cb79 (webtiles) character file.

Game seed: 7239123918111227133

53541 snarfax the Severer (level 14, -18/96 HPs)
             Began as a Gargoyle Fighter on Sept 25, 2023.
             Was an Elder of Elyvilon.
             Killed from afar by an ice dragon (22 damage)
             ... with a blast of cold
             ... on level 3 of the Lair of Beasts.
             The game lasted 01:00:57 (20187 turns).

snarfax the Severer (Gargoyle Fighter)             Turns: 20187, Time: 01:01:00

Health: -18/96     AC: 34    Str: 25    XL:     14   Next: 68%
Magic:  19/19      EV:  7    Int:  9    God:    Elyvilon [****..]
Gold:   1528       SH: 10    Dex:  9    Spells: 13/13 levels left

rFire   + . .        t - +1 broad axe (flame)
rCold   x . .        c - +1 buckler
rNeg    + . .        o - +3 plate armour
rPois   ∞            (no helmet)
rElec   +            x - +1 cloak
rCorr   .            (no gloves)
SInv    .            (no boots)
Will    +....        w - amulet of reflection Stlth
                     B - ring of fire
HPRegen 0.36/turn    m - +4 ring of protection
MPRegen 0.16/turn

%: reflection
@: flying
A: sickness immunity, AC +10, big wings, negative energy resistance 1,
electricity resistance, torment resistance 1, petrification resistance
a: Renounce Religion, Purification, Heal Other, Heal Self


You were on level 3 of the Lair of Beasts.
You worshipped Elyvilon.
Elyvilon was greatly pleased with you.
You visited 4 branches of the dungeon, and saw 20 of its levels.
You also visited: Volcano.

You collected 1607 gold pieces.
You spent 42 gold pieces at shops.
You donated 37 gold pieces to Zin.

Inventory:

Hand Weapons
 a - a +1 spectral war axe
 d - a +0 broad axe of freezing
 i - a +0 broad axe
 r - the +5 Force Lance {heavy, knockback}
   (You found it on level 2 of the Dungeon)
 t - a +1 broad axe of flaming (weapon)
 E - the +7 hand axe "Ulipraocw" {heavy, rPois rF+ rN+}
   (You took it off a wight on level 10 of the Dungeon)

   rF+:       It protects you from fire.
   rPois:     It protects you from poison rN+: It protects you from negative
   energy.
Missiles
 q - 38 poisoned darts (quivered)
 v - 7 throwing nets
 D - 2 curare-tipped darts
 J - 15 boomerangs
 Q - 3 darts of dispersal
Armour
 c - a +1 buckler (worn)
 o - a +3 plate armour (worn)
 x - a +1 cloak (worn)
Jewellery
 k - a ring of see invisible
 l - a ring of resist corrosion
 m - a +4 ring of protection (right hand)
 p - a +6 ring of dexterity
 w - an amulet of reflection (around neck)
 y - a +6 ring of intelligence
 B - a ring of fire (left hand)
 P - an amulet of regeneration
Wands
 C - a wand of digging (2)
 L - a wand of flame (7)
 M - a wand of acid (1)
Scrolls
 b - 4 scrolls of immolation
 u - 2 scrolls of fear
 F - a scroll of identify
 G - 4 scrolls of teleportation
 H - a scroll of vulnerability
 I - a scroll of revelation
 O - a scroll of blinking
 R - a scroll of enchant armour
Potions
 e - a potion of curing
 f - 6 potions of mutation
 g - 4 potions of enlightenment
 h - 3 potions of brilliance
 j - 3 potions of ambrosia
 n - 3 potions of haste
 s - 3 potions of resistance
 z - a potion of attraction
 A - 4 potions of lignification
 K - a potion of experience {unknown}
 N - a potion of invisibility {unknown}


   Skills:
 * Level 14.5 Fighting
 * Level 17.0 Axes
 - Level 10.0 Armour
 - Level 5.0 Shields
 + Level 7.7 Invocations


You had 13 spell levels left.
You didn't know any spells.
Your spell library contained the following spells:

 Spells                   Type           Power      Damage    Failure   Level
 Magic Dart               Conj           0%         1d3       99%         1
 Call Imp                 Summ           0%         N/A       100%        2
 Poisonous Vapours        Pois/Air       0%         N/A       100%        2
 Mephitic Cloud           Conj/Pois/Air  0%         N/A       100%        3
 Tukima's Dance           Hex            0%         N/A       100%        3
 Volatile Blastmotes      Fire/Tloc      0%         2d10      100%        3
 Dimensional Bullseye     Hex/Tloc       0%         N/A       100%        4
 Fulminant Prism          Conj/Hex       0%         3d5       100%        4
 Iskenderun's Mystic Bla  Conj/Tloc      0%         2d3       100%        4
 Leda's Liquefaction      Hex/Erth       0%         N/A       100%        4
 Freezing Cloud           Conj/Ice/Air   0%         6-21      100%        5
 Iskenderun's Battlesphe  Conj           0%         2d6       100%        5
 Lee's Rapid Deconstruct  Erth           0%         3d4*      100%        5
 Summon Forest            Summ/Tloc      0%         N/A       100%        5
 Summon Mana Viper        Hex/Summ       0%         N/A       100%        5
 Bombard                  Conj/Erth      0%         9d1       100%        6
 Summon Cactus Giant      Summ           0%         N/A       100%        6
 Spellforged Servitor     Conj/Summ      0%         N/A       100%        7


Dungeon Overview and Level Annotations

Branches:
Dungeon (14/15)            Temple (1/1) D:5            Lair (3/5) D:9
 Shoals (0/4) Lair:3       Spider (0/4) Lair:2          Orc (2/2) D:9
    Elf (0/3) Orc:2       Volcano (visited)
 Vaults: D:13-14

Altars:
Ashenzari
Cheibriados
Dithmenos
Elyvilon
Fedhas
Gozag
Hepliaklqana
Kikubaaqudgha
Makhleb
Nemelex Xobeh
Okawaru
Qazlal
Ru
Sif Muna
Trog
Uskayaw
Vehumet
Wu Jian
Xom
Yredelemnul
Zin
The Shining One

Shops:
D:7 :   D:9 (   Orc:2 !(:*

Portals:
Ice
Cave: Lair:3

Annotations:
D:6 1 runed translucent door, Kurtz's ghost, novice OpFi
Orc:2 1 runed translucent door, exclusion: 3 orange crystal statues


Innate Abilities, Weirdness & Mutations

You are immune to sickness and miasma.
Your stone body is resilient. (AC +10)
You are immune to poison.
Your large and strong wings let you fly.
You resist negative energy. (rN+)
You are resistant to electric shocks. (rElec)
You are resistant to unholy torment.
You are immune to petrification.


Message History

The polar bear claws you but does no damage. x2
You closely miss the polar bear.
The polar bear is moderately wounded.
The polar bear barely misses you. You block the polar bear's attack.
The polar bear claws you but does no damage.
You slash the polar bear! You burn the polar bear!
The polar bear is almost dead.
You block the polar bear's attack.
The polar bear claws you but does no damage.
The polar bear claws you.
You closely miss the polar bear.
The polar bear is almost dead.
The polar bear goes berserk!
You slash the polar bear! You burn the polar bear.
You kill the polar bear!
The ice dragon bites you. You block the ice dragon's attack. x2
Items here: ††††††.
You slice the ice dragon!! You burn the ice dragon.
The ice dragon is moderately wounded.
The ice dragon bites you but does no damage.
The ice dragon claws you! You block the ice dragon's attack.
You hit the ice dragon. You burn the ice dragon.
The ice dragon is moderately wounded.
The ice dragon breathes frost at you. The blast of cold hits you!!!
You feel a terrible chill!
* * * LOW HITPOINT WARNING * * *
You slash the ice dragon! You burn the ice dragon.
The ice dragon is heavily wounded.
The ice dragon bites you but does no damage.
The ice dragon claws you but does no damage.
The ice dragon tramples you!
* * * LOW HITPOINT WARNING * * *
You hold your ground!
Blink to where?
Press: ? - help, Dir - move target
As you read the scroll of blinking, it crumbles to dust.
The ice dragon breathes frost at you.
The blast of cold hits the polar bear!
The polar bear resists.
The blast of cold hits you!!
You feel a terrible chill!
You die...

**,,,,,,,,,,,,,,,,,,,,,,** ***
*,,,,,,,,,,,,,,,,,,,,,,^***,,
*,,,,,,,,,,,,,,,,,,,,,,,,,,,,
*,,,,,,,,,,,,,,*,*,,*,,,,,,,,
***,*,,*********,**,**,**,,*,
******#*#####**,*,,,,,,,,,, ###
#.#...##*,,,,,***,,,,
##.###......#*.....#§≈≈..#
#####.#§D.h..@..###P...#≈≈≈#..
####....####.#.....##...#.≈##≈#..
......### **##...###...#........
......# #############....P.......
......###....#######.............
.................................
......P..).........).............
...........#.............##PP....
....##.#.....#......PP..P......P.


You could see an ice dragon (catching breath) and a polar bear (wandering).

Vanquished Creatures
  Rupert (D:14)
  2 orc warlords
  A stone giant (D:14)
  A death knight (D:12)
  A centaur warrior (D:13)
  2 boulder beetles
  An ogre mage (D:12)
  6 two-headed ogres
  4 skeletal warriors (D:14)
  An orange crystal statue (Orc:2)
  2 lindwurms (Volcano)
  5 orc knights (Orc:2)
  A phantasmal warrior (D:12)
  A deep elf pyromancer (D:13)
  An orc sorcerer (Orc:2)
  3 ugly things
  2 cyclopes
  An elephant (Lair:3)
  2 manticores
  5 black mambas
  4 molten gargoyles (Volcano)
  8 cane toads
  2 kobold demonologists (D:12)
  An unseen horror (D:11)
  Psyche (D:8)
  A yaktaur (shapeshifter) (D:13)
  2 freezing wraiths
  3 efreet (Volcano)
  4 komodo dragons
  5 trolls
  2 polar bears (Lair:3)
  Grinder (D:4)
  7 slime creatures
  Sigmund (D:3)
  A shadow (D:12)
  2 wraiths (D:12)
  32 yaks
  2 vampires
  2 wyverns
  6 fire elementals (Volcano)
  A basilisk (Lair:1)
  A steam dragon (Lair:2)
  2 vampire mosquitoes (D:13)
  7 wargs
  4 water moccasins
  2 sky beasts (D:7)
  40 orc warriors
  A black bear (D:5)
  An ice beast (D:6)
  13 ogres
  5 wolves
  9 centaurs
  2 phantoms
  Blork the orc (D:4)
  5 kobold brigands
  3 scorpions
  6 bullfrogs
  2 earth elementals (Volcano)
  2 gnoll sergeants
  31 wights
  17 killer bees
  2 electric eels
  5 howler monkeys
  A vampire bat (Lair:1)
  3 jellies
  3 hounds
  Crazy Yiuf (D:6)
  10 orc priests
  5 gnoll boudas
  Natasha (thrice) (D:3)
  6 iguanas
  16 orc wizards
  A sleepcap (D:4)
  20 gnolls
  5 adders
  A shadow imp (D:6)
  A white imp (D:6)
  7 worms
  76 orcs
  13 bats
  7 endoplasms
  13 giant cockroaches
  6 hobgoblins
  4 jackals (D:4)
  10 kobolds
  4 quokkas
  3 ball pythons
  4 frilled lizards
  10 goblins
  2 rats
527 creatures vanquished.

Vanquished Creatures (others)
  A warg (D:9)
  4 spectral weapons
5 creatures vanquished.

Grand Total: 532 creatures vanquished

Notes
Turn   | Place    | Note
-------+----------+-------------------------------------------
     0 | D:1      | snarfax the Gargoyle Fighter began the quest for the Orb.
     0 | D:1      | Reached XP level 1. HP: 14/14 MP: 1/1
    95 | D:1      | Reached skill level 2 in Axes
   290 | D:1      | Reached XP level 2. HP: 19/19 MP: 2/2
   536 | D:1      | Found a faded altar of an unknown god.
   983 | D:2      | Reached XP level 3. HP: 20/23 MP: 3/3
  1209 | D:2      | Reached XP level 4. HP: 28/28 MP: 4/4
  1211 | D:2      | Reached skill level 3 in Axes
  1387 | D:2      | Found the +5 Force Lance {heavy, knockback}
  1496 | D:3      | Noticed Sigmund
  1759 | D:3      | Found a glowing silver altar of Zin.
  1763 | D:3      | Became a worshipper of Zin the Law-Giver
  1792 | D:3      | Noticed Natasha
  1801 | D:3      | Killed Natasha
  1920 | D:3      | Killed Sigmund
  1921 | D:3      | Reached skill level 4 in Axes
  1921 | D:3      | Reached skill level 5 in Shields
  1921 | D:3      | Reached XP level 5. HP: 32/32 MP: 5/5
  1921 | D:3      | Reached XP level 6. HP: 37/37 MP: 6/6
  2060 | D:3      | Reached * piety under Zin
  2153 | D:3      | Noticed Natasha
  2156 | D:3      | Killed Natasha
  2157 | D:3      | Reached skill level 5 in Axes
  2210 | D:3      | Noticed Natasha
  2218 | D:3      | Killed Natasha
  2394 | D:4      | Noticed Grinder
  2401 | D:4      | Killed Grinder
  2402 | D:4      | Reached XP level 7. HP: 11/43 MP: 7/7
  2563 | D:4      | Reached skill level 6 in Axes
  2591 | D:4      | Reached ** piety under Zin
  2672 | D:4      | Noticed Blork the orc
  2681 | D:4      | Killed Blork the orc
  2843 | D:4      | Reached skill level 5 in Fighting
  2995 | D:4      | Reached XP level 8. HP: 46/49 MP: 8/8
  3155 | D:4      | Reached skill level 1 in Invocations
  3646 | D:4      | You are sucked into a shaft and drop 3 floors!
  3673 | D:7      | Reached skill level 7 in Axes
  3685 | D:7      | Reached *** piety under Zin
  3807 | D:7      | Found Xitwini's Book Boutique.
  3849 | D:6      | Reached skill level 8 in Axes
  4005 | D:6      | Reached XP level 9. HP: 56/56 MP: 11/11
  4303 | D:5      | Entered Level 5 of the Dungeon
  4360 | D:5      | Found a burning altar of Makhleb.
  4558 | D:5      | Found a staircase to the Ecumenical Temple.
  5207 | D:5      | Reached skill level 9 in Axes
  5674 | D:6      | Found a runed translucent door.
  5675 | D:6      | Noticed Crazy Yiuf
  5684 | D:6      | Killed Crazy Yiuf
  5917 | D:6      | Found a runed translucent door.
  5917 | D:6      | Noticed Kurtz's ghost (novice OpFi)
  6195 | D:6      | Reached skill level 5 in Invocations
  6271 | D:7      | Found a shadowy altar of Dithmenos.
  6714 | D:7      | Found an opulent altar of Gozag.
  6715 | D:7      | Found a hazy altar of Hepliaklqana.
  6716 | D:7      | Found an iron altar of Okawaru.
  6716 | D:7      | Found a blossoming altar of Fedhas.
  6910 | Temple   | Entered the Ecumenical Temple
  6915 | Temple   | Fell from the grace of Zin
  6915 | Temple   | Became a worshipper of Elyvilon the Healer
  6915 | Temple   | Reached * piety under Elyvilon
  7147 | D:7      | Reached skill level 10 in Axes
  7147 | D:7      | Reached XP level 10. HP: 41/64 MP: 13/13
  7406 | D:8      | Reached ** piety under Elyvilon
  7675 | D:8      | Noticed Psyche
  7680 | D:8      | Killed Psyche
  8001 | D:8      | Reached skill level 11 in Axes
  8339 | D:9      | Found a staircase to the Orcish Mines.
  8339 | D:9      | Found Ihual's Weapon Boutique.
  8515 | D:9      | Found a snail-covered altar of Cheibriados.
  8568 | D:9      | Reached XP level 11. HP: 20/72 MP: 12/14
  8735 | D:9      | Found a staircase to the Lair.
  8754 | D:9      | Reached skill level 12 in Axes
  8760 | D:9      | Reached skill level 10 in Fighting
  9102 | D:10     | Entered Level 10 of the Dungeon
  9235 | D:10     | Noticed a two-headed ogre
  9242 | D:10     | Killed a two-headed ogre
  9432 | D:10     | Identified the +7 hand axe "Ulipraocw" {heavy, rPois rF+
                  | rN+}
  9580 | D:10     | Reached *** piety under Elyvilon
  9590 | D:10     | Reached skill level 13 in Axes
 10089 | D:11     | Noticed a white ugly thing
 10100 | D:11     | Killed a white ugly thing
 10212 | D:11     | Noticed a boulder beetle
 10236 | D:11     | Killed a boulder beetle
 10280 | D:11     | Noticed a cyclops
 10287 | D:11     | Killed a cyclops
 10465 | D:11     | Reached XP level 12. HP: 69/80 MP: 15/15
 10789 | D:12     | Noticed a two-headed ogre
 10794 | D:12     | Killed a two-headed ogre
 10848 | D:12     | Reached skill level 5 in Armour
 11016 | D:12     | Noticed an ogre mage
 11016 | D:12     | Noticed a two-headed ogre
 11016 | D:12     | Noticed a two-headed ogre
 11016 | D:12     | Noticed a two-headed ogre
 11034 | D:12     | Killed a two-headed ogre
 11038 | D:12     | Killed a two-headed ogre
 11039 | D:12     | Reached skill level 14 in Axes
 11047 | D:12     | Killed a two-headed ogre
 11171 | D:12     | Killed an ogre mage
 11575 | D:12     | Noticed a death knight
 11898 | D:12     | Killed a death knight
 12461 | D:13     | Noticed a boulder beetle
 12486 | D:13     | Killed a boulder beetle
 12549 | D:13     | Noticed a four-headed hydra
 12550 | D:13     | Pacified a four-headed hydra
 12551 | D:13     | Reached skill level 15 in Axes
 12563 | D:13     | Noticed a centaur warrior
 12569 | D:13     | Killed a centaur warrior
 12570 | D:13     | Reached XP level 13. HP: 62/87 MP: 16/16
 13210 | D:13     | Found a glowing golden altar of the Shining One.
 13391 | D:14     | Noticed a white very ugly thing
 13405 | D:14     | Noticed a stone giant
 13435 | D:14     | Killed a stone giant
 13792 | D:14     | Noticed Rupert
 13804 | D:14     | Killed Rupert
 14152 | Orc:1    | Entered Level 1 of the Orcish Mines
 14314 | Orc:2    | Entered Level 2 of the Orcish Mines
 14382 | Orc:2    | Found a staircase to the Elven Halls.
 14389 | Orc:2    | Noticed Sonja
 14395 | Orc:2    | Pacified Sonja
 14604 | Orc:2    | Found a runed translucent door.
 14609 | Orc:2    | Found the +10 tower shield of Ignorance {rN+ Int-4}
 14632 | Orc:2    | Found a runed translucent door.
 15058 | Orc:2    | Reached skill level 16 in Axes
 15098 | Orc:2    | Found Bialonk's Antique Weapon Shop.
 15098 | Orc:2    | Found Esicopeq's Book Shoppe.
 15098 | Orc:2    | Found Pipty's General Store.
 15100 | Orc:2    | Found Rosah's Distillery.
 15250 | Orc:2    | Bought a potion of curing for 42 gold pieces
 15904 | Orc:1    | Noticed an orc warlord
 15941 | Orc:1    | Noticed Harold
 16295 | Orc:1    | Noticed an orc warlord
 16523 | Orc:2    | Gained mutation: Your large and strong wings let you fly.
                  | [Gargoyle growth]
 16523 | Orc:2    | Reached XP level 14. HP: 79/95 MP: 12/18
 16546 | Orc:2    | Killed an orc warlord
 16716 | Orc:1    | Pacified Harold
 16844 | Orc:1    | Killed an orc warlord
 17294 | Lair:1   | Entered Level 1 of the Lair of Beasts
 18193 | Lair:2   | Found a hole to the Spider Nest.
 18233 | Lair:2   | Found a dark tunnel.
 18242 | Volcano  | Entered a volcano
 18734 | Volcano  | Reached skill level 10 in Armour
 19517 | Lair:2   | Reached skill level 17 in Axes
 19635 | Lair:2   | Reached **** piety under Elyvilon
 20096 | Lair:3   | Found a staircase to the Shoals.
 20157 | Lair:3   | Found a frozen archway.
 20186 | Lair:3   | HP: 4/96 [ice dragon (7)]
 20187 | Lair:3   | Killed from afar by an ice dragon

Illustrated notes

Levels and vault maps discovered:
D:1:      dpeg_chamrin_arrival_tetris, layout_basic, basic_ecumenical_altar
D:2:      minmay_roachtagon, layout_basic, kennysheep_donut, kennysheep_potato
D:3:      layout_loops_ring, zin_statuary, minmay_misc_feat_roman, uniq_sigmund,
          uniq_natasha
D:4:      layout_loops_corners, serial_co_window_serial, co_window_corner_a,
          co_window_corner_a, co_window_cross_1, co_window_cross_1,
          co_window_of_opportunity_a, co_window_2corner,
          co_window_of_opportunity_b, co_window_corner_cb,
          co_window_of_opportunity_c, glass_columns_c, minmay_between,
          uniq_blork_the_orc, uniq_grinder
D:5:      layout_basic, nicolae_overflow_hidden_temple,
          minmay_temple_entry_hall, nicolae_ossuary_entry_monument,
          nicolae_wormholes
D:6:      layout_loops_cross, gammafunk_ghost_grave, uniq_crazy_yiuf_cottage
D:7:      layout_rooms, mainiacjoe_overflow_alcove_3,
          mainiacjoe_overflow_chevrons, enter_bailey_3, nicolae_stop_n_shop_2
D:8:      kennysheep_seaside_town, layout_rooms, kennysheep_generic_room_8,
          uniq_psyche
D:9:      layout_rooms, cheibriados_altar_1, erik_lair_orcish_takeover,
          orc_david_3
D:10:     layout_loops_ring
D:11:     layout_loops_ring, minivault_14, minmay_misc_feat_alley, st_stairs_14,
          minmay_microvault
D:12:     layout_roguey, grunt_ministairs_3
D:13:     layout_basic, nicolae_tso_swordbearing_angel
D:14:     layout_roguey, david_vaults_2, yredelemnul_altar_generic,
          dilly_guarded_unrand_elemental_staff, uniq_rupert, uniq_frances,
          uniq_kirke
Temple:   nicolae_temple_ecumenical_triangle
Lair:1:   layout_hall_layers, chequers_serial_rivers_micro_a, roderic_batcave
Lair:2:   layout_cave_pods, dummy_spider_entry, nicolae_volcano_entry_hallway,
          grunt_megastairs_3
Lair:3:   layout_gridlike, elwin_shoals_entry_rocks,
          portal_ice_cave_entry_animals_and_master, serial_bayou_shore_a
Orc:1:    layout_caves, uniq_harold
Orc:2:    st_orc_rangers, layout_caves, chequers_guarded_unrand_ignorance,
          uniq_sonja

Skill      XL: |  1  2  3  4  5  6  7  8  9 10 11 12 13 14 |
---------------+-------------------------------------------+-----
Axes           | 2 4 5 6 8 10 11 13 15 16 17 | 17.0
Shields        | 4 5 |  5.0
Fighting       | 4 5 6 8 9 11 12 13 14 | 14.5
Invocations    | 3 5 6 7 |  7.7
Armour         | 4 7 9 10 | 10.0

Action                     |  1- 3 |  4- 6 |  7- 9 | 10-12 | 13-15 || total
---------------------------+-------+-------+-------+-------+-------++-------
  Melee: War axe           |   102 |    20 |   230 |   302 |   185 ||   839
         Lance             |       |    52 |       |       |       ||    52
         Hand axe          |       |       |       |   214 |       ||   214
         Broad axe         |       |       |       |       |   471 ||   471
  Throw: Throwing net      |       |       |     1 |       |       ||     1
         Dart              |       |       |       |     5 |     7 ||    12
 Invoke: Heal Other        |       |       |       |     4 |    10 ||    14
         Heal Self         |       |       |       |     6 |     9 ||    15
         Purification      |       |       |       |       |     1 ||     1
  Evoke: Wand              |       |       |       |       |     2 ||     2
    Use: Scroll            |       |     7 |     9 |     8 |    14 ||    38
         Potion            |       |       |     1 |     7 |     8 ||    16
   Stab: Distracted        |       |       |     2 |     7 |     4 ||    13
 Armour: Scale mail        |    69 |    45 |   172 |   179 |       ||   465
         Plate armour      |       |       |       |   167 |   533 ||   700
  Dodge: Dodged            |    54 |    27 |   118 |   178 |   173 ||   550
  Block: Buckler           |    18 |    13 |    52 |   172 |   329 ||   584
         Reflection        |       |       |       |     3 |    76 ||    79

Table legend: (Time is in decaauts)
 A = Elapsed time spent in this place.
 B = Non-inter-level travel time spent in this place.
 C = Inter-level travel time spent in this place.
 D = Time resting spent in this place.
 E = Time spent auto-exploring this place.
 F = Levels seen in this place.
 G = Mean time per level.
                   A        B        C        D        E       F      G
               +--------+--------+--------+--------+--------+-----+--------+
         Total |  20170 |  18625 |   1545 |   3503 |  10882 |  21 |  960.5 |
       Dungeon |  14288 |  13174 |   1114 |   1765 |   8600 |  14 | 1020.6 |
        Temple |     10 |      1 |      9 |      0 |      0 |   1 |   10.0 |
          Lair |   1864 |   1760 |    104 |      0 |   1390 |   3 |  621.3 |
  Orcish Mines |   3042 |   2726 |    316 |   1135 |    777 |   2 | 1521.0 |
       Volcano |    964 |    964 |      0 |    603 |    115 |   1 |  964.0 |
               +--------+--------+--------+--------+--------+-----+--------+

Top non-repeatable levels by time:
   Orc:2: 2568 daAuts
     D:5: 1471 daAuts
    D:12: 1369 daAuts
     D:4: 1288 daAuts
     D:6: 1229 daAuts
     D:8: 1095 daAuts
    D:13: 1036 daAuts
    D:11: 993 daAuts
     D:7: 970 daAuts
 Volcano: 964 daAuts
    D:10: 951 daAuts
     D:1: 922 daAuts
  Lair:2: 906 daAuts
  Lair:1: 875 daAuts
     D:3: 781 daAuts
